 Dungeon Crawl Stone Soup version 0.20-a0-809-gaf7f668 (webtiles) character file.

67 Alarkh the Skirmisher (level 4, 35/35 HPs)
             Began as a Demonspawn Fighter on Mar 2, 2017.
             Quit the game on level 2 of the Dungeon.
             The game lasted 00:01:45 (1793 turns).

Alarkh the Skirmisher (Demonspawn Fighter)          Turns: 1793, Time: 00:01:46

Health: 35/35      AC:  6    Str: 16    XL:     4   Next: 0%
Magic:  4/4        EV:  7    Int: 10    God:
Gold:   58         SH: 10    Dex: 13    Spells: 3/3 levels left

rFire    . . .     SeeInvis .   a - +0 long sword
rCold    + . .     Gourm    .   g - +0 scale mail
rNeg     . . .     Faith    .   c - +1 shield
rPois    .         Spirit   .   (no helmet)
rElec    .         Reflect  .   (no cloak)
rCorr    .         Harm     .   (no gloves)
MR       .....                  (no boots)
Stlth    ..........             (no amulet)
Regen    0.2/turn               (no ring)
MPRegen  0.1/turn               h - ring of protection from cold

@: drained
A: hooves 1, spiny 1
a: no special abilities


You were on level 2 of the Dungeon.
You were hungry.

You visited 1 branch of the dungeon, and saw 2 of its levels.

You collected 58 gold pieces.

Inventory:

Hand Weapons
 a - a +0 long sword (weapon)
 b - a +0 dagger of draining
Armour
 c - a +1 shield (worn)
 g - a +0 scale mail (worn)
Jewellery
 h - a ring of protection from cold (left hand)
Scrolls
 i - a scroll of enchant armour
 k - a scroll of teleportation {unknown}
 l - a scroll of fog {unknown}
 n - a scroll of remove curse
Potions
 d - a potion of might
 e - a potion of haste {unknown}
 o - a potion of ambrosia {unknown}
Comestibles
 f - a bread ration
 j - a royal jelly
 m - a fruit


   Skills:
 + Level 3.3(3.2) Fighting
 * Level 2.6(2.4) Long Blades
 + Level 3.0(2.8) Armour
 + Level 1.0(0.9) Dodging
 + Level 3.1(3.0) Shields


You had 3 spell levels left.
You didn't know any spells.

Dungeon Overview and Level Annotations

Branches:
Dungeon (2/15)

Altars:


Innate Abilities, Weirdness & Mutations

You have large cloven feet.
You are partially covered in sharp spines.


Message History

No target in view!
No target in view!
No target in view!
You see here a club.
Found 16 gold pieces.
A bat comes into view.
A bat is nearby!
A bat is nearby!
The bat hits you but does no damage.
Found a twisted jewelled staff.
Found a stone staircase leading down.
You hit the bat.
The bat is severely wounded.
You block the bat's attack. The bat is struck by your spines.
You kill the bat!
You have reached level 4!
You feel agile.
Your demonic ancestry asserts itself...
Your feet thicken and deform.
o - an orange potion Are you sure you want to abandon this character and quit the game? (Confirm with "yes".)

###.###.... ......
............. .>...#####
.........######........$
###.####.# #.#.#.#..# #
#.####.# #.....$.|# #
#......# #.#.#.#..# #
######.# #.......# # #.#
#.#?#.#.# #
#.######.@.....#
#....)..).######
###########


There were no monsters in sight!

Vanquished Creatures
  An ooze (D:1)
  2 worms (D:2)
  A dart slug (D:1)
  2 leopard geckos (D:2)
  5 bats
  7 goblins
  7 hobgoblins
  7 jackals
  9 kobolds
  A quokka (D:2)
  5 frilled lizards
  A rat (D:2)
48 creatures vanquished.

Notes
Turn   | Place    | Note
-------+----------+-------------------------------------------
     0 | D:1      | Alarkh the Demonspawn Fighter began the quest for the Orb.
     0 | D:1      | Reached XP level 1. HP: 18/18 MP: 1/1
    97 | D:1      | Gained mutation: You are partially covered in sharp spines. [demonic ancestry]
    97 | D:1      | Reached XP level 2. HP: 24/24 MP: 2/2
   702 | D:1      | Reached XP level 3. HP: 26/29 MP: 3/3
  1613 | D:2      | Reached skill level 1 in Dodging
  1790 | D:2      | Gained mutation: You have large cloven feet. [demonic ancestry]
  1790 | D:2      | Reached XP level 4. HP: 35/35 MP: 4/4
  1793 | D:2      | Quit the game

Vault maps used:
D:1:      lordsloth_arrival_two_stooges, minmay_hedge_maze,
          minmay_misc_feat_hallway
D:2:      glass_columns_b, minmay_rat_hole

Skill      XL: |  1  2  3 |
---------------+----------+-----
Long Blades    | 2 |  2.6
Shields        | 3 |  3.1
Armour         | 3 |  3.0
Dodging        | 1 |  1.0
Fighting       | |  3.3

Action                   |  1- 3 |  4- 6 || total
-------------------------+-------+-------++-------
Melee: Long sword        |   112 |       ||   112
  Use: Scroll            |     2 |       ||     2
  Eat: Chunk             |     2 |       ||     2
Armor: Scale mail        |    48 |       ||    48
Dodge: Dodged            |    43 |       ||    43
Block: Shield            |    66 |       ||    66
       Rpst.: Long sword |    16 |       ||    16
